 Dungeon Crawl Stone Soup version 0.20-a0-876-g2c7b0bf (webtiles) character file.

67 polly the Shield-Bearer (level 4, 52/52 HPs)
             Began as a Demonspawn Fighter on Mar 16, 2017.
             Quit the game on level 2 of the Dungeon.
             The game lasted 00:02:18 (1892 turns).

polly the Shield-Bearer (Demonspawn Fighter)        Turns: 1892, Time: 00:02:19

Health: 52/52      AC:  8    Str: 22    XL:     4   Next: 0%
Magic:  4/4        EV:  7    Int: 10    God:
Gold:   128        SH:  9    Dex: 12    Spells: 3/3 levels left

rFire    . . .     SeeInvis .     - Unarmed
rCold    . . .     Gourm    .   a - +0 scale mail
rNeg     . . .     Faith    .   b - +0 shield
rPois    .         Spirit   .   (helmet restricted)
rElec    .         Reflect  .   (no cloak)
rCorr    .         Harm     .   (no gloves)
MR       .....                  (no boots)
Stlth    ..........             (no amulet)
Regen    0.2/turn               (no ring)
MPRegen  0.1/turn               (no ring)

@: berserking, very quick
A: antennae 1, iridescent scales 1, rot immunity
a: no special abilities


You were on level 2 of the Dungeon.
You were very hungry.

You visited 1 branch of the dungeon, and saw 2 of its levels.

You collected 128 gold pieces.

Inventory:

Armour
 a - a +0 scale mail (worn)
 b - a +0 shield (worn)
Scrolls
 c - 2 scrolls of teleportation {unknown}
 i - a scroll of remove curse {unknown}
Potions
 g - a potion of curing
 h - a potion of flight {unknown}
 j - a potion of brilliance {unknown}
 l - a potion of mutation {unknown}
Comestibles
 d - a bread ration
 f - 2 royal jellies
 k - 4 fruits


   Skills:
 + Level 3.2 Fighting
 + Level 3.0 Armour
 + Level 0.8 Dodging
 + Level 3.3 Shields
 + Level 2.6 Unarmed Combat


You had 3 spell levels left.
You didn't know any spells.

Dungeon Overview and Level Annotations

Branches:
Dungeon (2/15)

Altars:


Innate Abilities, Weirdness & Mutations

You have a pair of small antennae on your head.
You are partially covered in iridescent scales. (AC +2)
You are immune to rotting.


Message History

You kill the kobold!
You have reached level 4!
You feel clever.
Your demonic ancestry asserts itself...
A pair of antennae grows on your head!
A goblin comes into view. It is wielding a dagger.
The goblin shouts!
Found a stone staircase leading up.
A goblin is nearby!
It was a potion of berserk rage.
A red film seems to cover your vision as you go berserk!
You feel yourself moving faster!
You feel mighty!
You feel a strong urge to attack something.
Unknown command.
Quiver which item? (- for none, * to show all) (? for menu, Esc to quit)
Okay, then.
Are you sure you want to abandon this character and quit the game? (Confirm with "yes".)
Okay, then.
Welcome back, polly the Demonspawn Fighter.
Press ? for a list of commands and other information.
Are you sure you want to abandon this character and quit the game? (Confirm with "yes".)

# #
###################
#.@................
#.#################
#. #. #g # ..
####### .. .......
#< ....... .......


You could see a goblin.

Vanquished Creatures
  An adder (D:2)
  An ooze (D:1)
  3 dart slugs (D:1)
  3 leopard geckos (D:1)
  2 bats (D:1)
  9 goblins
  7 hobgoblins
  3 jackals (D:1)
  A ball python (D:1)
  4 frilled lizards
  4 kobolds
  4 rats
42 creatures vanquished.

Notes
Turn   | Place    | Note
-------+----------+-------------------------------------------
     0 | D:1      | polly the Demonspawn Fighter began the quest for the Orb.
     0 | D:1      | Reached XP level 1. HP: 18/18 MP: 1/1
   372 | D:1      | Gained mutation: You are partially covered in iridescent scales. (AC +2) [demonic ancestry]
   372 | D:1      | Reached XP level 2. HP: 11/24 MP: 2/2
   769 | D:1      | Gained mutation: You are immune to rotting. [demonic ancestry]
   769 | D:1      | Reached XP level 3. HP: 3/29 MP: 3/3
  1868 | D:2      | Gained mutation: You have a pair of small antennae on your head. [demonic ancestry]
  1868 | D:2      | Reached XP level 4. HP: 35/35 MP: 4/4
  1892 | D:2      | Quit the game

Vault maps used:
D:1:      zelgadis_glass_arrival_small, minivault_23
D:2:      kiku_gazebo_garden_becter, nicolae_overflow_hidden_temple,
          kennysheep_generic_room_5

Skill      XL: |  1  2 |
---------------+-------+-----
Unarmed Combat | 2 |  2.6
Shields        | 3 |  3.3
Armour         | 3 |  3.0
Fighting       | |  3.2
Dodging        | |  0.8

Action                   |  1- 3 |  4- 6 || total
-------------------------+-------+-------++-------
Melee: Unarmed           |   212 |       ||   212
  Use: Potion            |     2 |     1 ||     3
  Eat: Chunk             |     2 |       ||     2
Armor: Scale mail        |   107 |       ||   107
Dodge: Dodged            |    59 |       ||    59
Block: Shield            |    95 |       ||    95
